 Dungeon Crawl Stone Soup version 0.21.1-1-g345015fe64 (webtiles) character file.

469 PikkenKukken the Shield-Bearer (level 7, -5/55 HPs)
             Began as a Formicid Fighter on June 25, 2018.
             Slain by DildoBatman's ghost (13 damage)
             ... on level 4 of the Dungeon.
             The game lasted 00:07:04 (3098 turns).

PikkenKukken the Shield-Bearer (Formicid Fighter)   Turns: 3098, Time: 00:07:04

Health: -5/55      AC: 10    Str: 22    XL:     7   Next: 30%
Magic:  7/7        EV:  8    Int:  8    God:
Gold:   84         SH:  0    Dex: 10    Spells: 6/6 levels left

rFire    . . .     SeeInvis +   e - +1 war axe (elec)
rCold    . . .     Gourm    .   c - +0 shield
rNeg     . . .     Faith    .   b - +0 scale mail
rPois    .         Spirit   .   (helmet unavailable)
rElec    .         Reflect  .   (no cloak)
rCorr    .         Harm     .   k - +2 pair of gloves
MR       .....                  (no boots)
Stlth    ..........             (no amulet)
HPRegen  0.18/turn              (no ring)
MPRegen  0.10/turn              (no ring)

@: confused
A: permanent stasis, dig shafts and tunnels, four strong arms, antennae 3
a: Dig, Shaft Self


You were on level 4 of the Dungeon.
You were not hungry.

You visited 1 branch of the dungeon, and saw 4 of its levels.

You collected 84 gold pieces.

Inventory:

Hand Weapons
 a - a +1 war axe
 e - a +1 war axe of electrocution (weapon)
Missiles
 l - 5 javelins (quivered)
Armour
 b - a +0 scale mail (worn)
 c - a +0 shield (worn)
 k - a +2 pair of gloves (worn)
Scrolls
 n - 3 scrolls of identify
 o - a scroll of remove curse
Potions
 d - a potion of might
 h - a potion of agility
 i - a potion of experience {unknown}
 j - 2 potions of heal wounds {unknown}
 m - a potion of mutation {unknown}
Comestibles
 f - 2 rations


   Skills:
 + Level 4.8 Fighting
 + Level 3.8 Axes
 + Level 2.7 Throwing
 + Level 4.7 Armour
 + Level 5.2 Shields


You had 6 spell levels left.
You didn't know any spells.

Dungeon Overview and Level Annotations

Branches:
Dungeon (4/15)
 Temple: D:4-7

Altars:
Elyvilon
Gozag
Xom

Annotations:
D:4 DildoBatman's ghost, novice OpWz


Innate Abilities, Weirdness & Mutations

You cannot be hasted, slowed, berserked, paralysed or teleported.
You can dig through walls and to a lower floor.
Your four strong arms can wield two-handed weapons with a shield.
You have a pair of large antennae on your head. (SInv)


Message History

You are more confused.
* * * LOW HITPOINT WARNING * * *
DildoBatman's ghost stares at you and mumbles some strange words.
The ball explodes into a vile cloud!
The stinking cloud engulfs you!
The stinking cloud engulfs DildoBatman's ghost.
DildoBatman's ghost appears unharmed.
You hear a shout!
Found a white marble altar of Elyvilon.
You are engulfed in noxious fumes.
DildoBatman's ghost stares at you and mumbles some strange words.
The ball explodes into a vile cloud!
The stinking cloud engulfs you!
The stinking cloud engulfs DildoBatman's ghost.
DildoBatman's ghost appears unharmed.
There is a fountain of clear blue water here.
You are engulfed in noxious fumes.
You choke on the stench!
You are more confused.
DildoBatman's ghost hits you.
* * * LOW HITPOINT WARNING * * *
You are electrocuted!
You die...

### #.# ##.###.#
##...##.#
#.......+
##...##.#
#...####### #
#.#...#§§§###...
#...#§§W§....._.
##.####§@§###...
#.# #####
##.#### #...<.#
#..##.# {
#..##|#####.#{{
#...........#
#.###.#####.#
#.....#


You could see DildoBatman's ghost.

Vanquished Creatures
  Grinder (D:3)
  2 orc wizards (D:3)
  An orc priest (D:3)
  An iguana (D:3)
  A worker ant zombie (D:3)
  Robin (D:3)
  5 adders
  A worm (D:3)
  3 dart slugs
  2 leopard geckos
  5 orcs (D:3)
  A ball python (D:1)
  5 giant cockroaches
  7 hobgoblins
  8 kobolds
  A quokka (D:4)
  7 bats
  5 frilled lizards
  15 goblins
  11 rats
83 creatures vanquished.

Notes
Turn   | Place    | Note
-------+----------+-------------------------------------------
     0 | D:1      | PikkenKukken the Formicid Fighter began the quest for the Orb.
     0 | D:1      | Reached XP level 1. HP: 18/18 MP: 1/1
   281 | D:1      | Reached XP level 2. HP: 19/24 MP: 2/2
   891 | D:2      | Reached XP level 3. HP: 30/30 MP: 3/3
   939 | D:2      | Reached skill level 4 in Shields
  1117 | D:2      | Reached XP level 4. HP: 30/37 MP: 4/4
  1120 | D:2      | Reached skill level 1 in Throwing
  1453 | D:2      | Found a shimmering altar of Xom.
  1901 | D:3      | Reached XP level 5. HP: 41/42 MP: 5/5
  1997 | D:3      | Noticed Robin
  2025 | D:3      | Killed Robin
  2050 | D:3      | Reached XP level 6. HP: 11/49 MP: 6/6
  2329 | D:3      | Noticed Grinder
  2358 | D:3      | Killed Grinder
  2358 | D:3      | Reached skill level 5 in Shields
  2358 | D:3      | Reached XP level 7. HP: 26/55 MP: 7/7
  2540 | D:3      | Found an opulent altar of Gozag.
  3081 | D:4      | Noticed DildoBatman's ghost (novice OpWz)
  3096 | D:4      | Found a white marble altar of Elyvilon.
  3098 | D:4      | Slain by DildoBatman's ghost

Skill      XL: |  1  2  3  4  5  6 |
---------------+-------------------+-----
Shields        | 4 5 |  5.2
Throwing       | 1 2 |  2.7
Fighting       | 4 |  4.8
Armour         | 4 |  4.7
Axes           | 3 |  3.8

Action                   |  1- 3 |  4- 6 |  7- 9 || total
-------------------------+-------+-------+-------++-------
Melee: War axe           |    74 |   117 |    48 ||   239
Throw: Javelin           |       |     6 |     4 ||    10
  Use: Scroll            |     3 |     3 |     3 ||     9
  Eat: Chunk             |     1 |     4 |     2 ||     7
Armor: Scale mail        |    30 |    32 |    20 ||    82
Dodge: Dodged            |    17 |    32 |    16 ||    65
Block: Shield            |    42 |    64 |    26 ||   132
